[Event "DVM U16 2019"]
[Site "Magedburg"]
[Date "2019.12.27"]
[Round "1"]
[White "Kotyk, Michael"]
[Black "Wagner, Margarethe"]
[Result "1-0"]
[ECO "A05"]
[WhiteElo "2103"]
[BlackElo "1805"]
[Annotator "NA"]
[PlyCount "98"]
[EventDate "2019.12.27"]
[EventType "team-tourn"]
[EventRounds "7"]
[EventCountry "GER"]
[SourceTitle "playchess.com"]
[Source "ChessBase"]
[SourceQuality "1"]
[WhiteTeam "Hamburger SK"]
[BlackTeam "Erfurter SK"]
[TimeControl "40/5400+30:1800+30"]

1. Nf3 Nf6 2. b3 g6 3. Bb2 Bg7 4. c4 O-O 5. g3 d6 6. d4 Nbd7 7. Bg2 {unterminated} Re8 {unterminated} 8. O-O {unterminated} c6 9. Nc3 {unterminated} Qc7 {unterminated} 10. e4 {unterminated} e5 {E60: King's Indian: Unusual lines and Fianchetto Variation without Nc3} 11. Re1 {unterminated} (11. h3 b6 12. d5 cxd5 13. cxd5 Ba6 14. Re1 Nc5 15. Bf1 Bxf1 16. Kxf1 Rec8 17. Kg2 a6 18. Qe2 {1-0 (57) Skoberne,J (2563)-Onischuk,V (2632) Batumi 2018}) 11... Nf8 {unterminated} 12. d5 Bg4 {unterminated} 13. Qc2 {unterminated} Bxf3 14. Bxf3 Rad8 $146 {unterminated} ({Predecessor:} 14... c5 15. Bg2 Qe7 16. Nd1 N8d7 17. Ne3 h6 18. a3 {½-½ (71) Balan,B (2043)-Fluerariu,R (2091) Mamaia 2019}) 15. Rac1 {unterminated} h5 16. b4 {unterminated} Bh6 17. Rcd1 {unterminated} cxd5 {unterminated} 18. Nxd5 Nxd5 {unterminated} 19. Rxd5 {unterminated} Ne6 {unterminated} 20. Red1 Bg7 21. Qd3 b6 22. Be2 Bf8 23. Qb3 Qb7 24. Bf3 Qe7 25. h4 Nc7 26. R5d3 Ne6 27. Bg2 Qb7 28. Re3 {unterminated} Rc8 29. Bh3 b5 {unterminated} 30. cxb5 Qxb5 {unterminated} 31. Bf1 Qb7 {unterminated} 32. Bc4 {unterminated} Rb8 {unterminated} 33. a3 Qb6 34. Red3 ({White should play} 34. Rc3) 34... a5 35. Bc3 Kg7 36. Qa2 axb4 37. Bxb4 Rbd8 38. Kg2 Qc7 39. Bxe6 {unterminated} Rxe6 40. Rc3 {unterminated} Qb7 41. Qd5 {unterminated} Qa7 (41... Qxd5 $14 42. Rxd5 Ra8) 42. Rd2 $16 Rde8 43. Rdc2 Qd4 44. Rd2 {unterminated} Qa7 {unterminated} 45. Rc4 {unterminated} f5 {unterminated} 46. Rdc2 Qa8 {unterminated} 47. Rc7+ {unterminated} Kf6 {unterminated} 48. Bd2 {unterminated} g5 49. Bxg5+ Kg6 {unterminated} 1-0

[Event "DVM U16 2019"]
[Site "Magedburg"]
[Date "2019.12.27"]
[Round "1"]
[White "Costa, Leonardo"]
[Black "Kluge, Malte"]
[Result "1-0"]
[ECO "B38"]
[WhiteElo "2048"]
[BlackElo "1679"]
[Annotator "NA"]
[PlyCount "109"]
[EventDate "2019.12.27"]
[EventType "team-tourn"]
[EventRounds "7"]
[EventCountry "GER"]
[SourceTitle "playchess.com"]
[Source "ChessBase"]
[SourceQuality "1"]
[WhiteTeam "SK München Südost"]
[BlackTeam "SF 59 Kornwestheim"]
[TimeControl "40/5400+30:1800+30"]

1. e4 c5 2. Nf3 Nc6 3. d4 cxd4 4. Nxd4 g6 5. c4 Bg7 6. Be3 Nf6 7. Nc3 d6 8. Be2 O-O 9. O-O Bd7 {[%emt 0:03:41] unterminated} 10. Nc2 {[%emt 0:02:24] unterminated} a5 {[%emt 0:10:03] unterminated} 11. f3 {[%emt 0:07:44] unterminated B38: Sicilian: Maroczy Bind with 5...Bg7 and 7...0-0} Nb4 {[%emt 0:25:29] unterminated} (11... a4 12. Na3 Qa5 13. Qd2 Rfc8 14. Rfc1 Be6 15. f4 Nd7 16. g4 Nc5 17. f5 Bd7 18. Nab5 Ne5 {1-0 (58) Navara,D (2734)-Guseinov,G (2634) Berlin 2015}) 12. Na3 {[%emt 0:13:04] unterminated} Bc6 13. Qd2 {[%emt 0:01:33] unterminated} Nd7 {[%emt 0:06:40] unterminated [#]} 14. Rfc1 $146 {[%emt 0:09:23] unterminated} ({Predecessor:} 14. Rfd1 Nc5 15. Nab5 b6 16. Rab1 Nba6 17. b3 Nc7 18. Nd4 Bb7 {½-½ (39) Cvitan,O (2562)-Hausrath,D (2516) Biel 2013}) 14... Rc8 15. Bf1 b6 16. Nab5 Na6 17. Na7 Rc7 18. Nxc6 Rxc6 19. Nd5 Nac5 20. Rab1 e6 21. Nc3 Qe7 22. Rd1 Rd8 23. Nb5 Nf6 24. e5 Ne8 25. exd6 Nxd6 26. Bxc5 bxc5 27. Qxa5 {[%emt 0:00:22] unterminated} Rcc8 {[%emt 0:05:31] unterminated} 28. a3 {[%emt 0:08:07] unterminated} Ra8 ({Black should try} 28... Nf5 $11) 29. Qe1 Nxb5 30. cxb5 Bd4+ 31. Kh1 {[%emt 0:00:09] unterminated} Qb7 {[%emt 0:01:00] unterminated} 32. b4 (32. Bd3 $16) 32... cxb4 33. Qxb4 Bb6 34. Bd3 f5 35. Bc4 Kf7 36. Re1 {[%emt 0:00:45] unterminated} Re8 {[%emt 0:00:27] unterminated} 37. Qd6 {[%emt 0:01:21] unterminated} Qe7 $2 {[%emt 0:00:47] unterminated} (37... Kg7 $16 38. Rxe6 Rxe6 39. Qxe6 (39. Bxe6 Qc7 $16) 39... Qc7) 38. Qxb6 Rxa3 39. Rxe6 Qxe6 40. Bxe6+ Rxe6 41. Qc7+ Re7 42. Qc4+ Kf8 {[%emt 0:00:19] [#] unterminated} 43. Qb4 Raa7 44. b6 Rab7 45. Re1 Kf7 46. Rxe7+ Rxe7 47. Qxe7+ Kxe7 48. b7 Kf6 49. b8=Q Kg5 50. h4+ Kxh4 51. Kh2 Kh5 52. Kh3 h6 53. g4+ fxg4+ 54. fxg4+ Kg5 55. Qe5# {[%emt 0:00:00] normal} 1-0

[Event "DVM U16 2019"]
[Site "Magedburg"]
[Date "2019.12.27"]
[Round "1"]
[White "Biermann, Florian"]
[Black "Pahl, Theis"]
[Result "1/2-1/2"]
[ECO "A20"]
[WhiteElo "2044"]
[BlackElo "2022"]
[Annotator "NA RC"]
[PlyCount "62"]
[EventDate "2019.12.27"]
[EventType "team-tourn"]
[EventRounds "7"]
[EventCountry "GER"]
[SourceTitle "playchess.com"]
[Source "ChessBase"]
[SourceQuality "1"]
[WhiteTeam "SG Bochum"]
[BlackTeam "Delmenhorster SK"]
[TimeControl "40/5400+30:1800+30"]

1. c4 e5 2. g3 Nc6 3. Bg2 Bc5 4. Nc3 a6 {[%emt 0:00:48] unterminated} 5. e3 {[%emt 0:04:26] unterminated} d6 {[%emt 0:03:19] unterminated} 6. Rb1 {[%emt 0:05:06] unterminated} Bd7 {[%emt 0:07:22] unterminated} 7. Nge2 Nf6 {[%emt 0:02:13] unterminated} 8. h3 {[%emt 0:07:57] unterminated} Rb8 {[%emt 0:05:19] unterminated} 9. d4 {[%emt 0:03:07] unterminated} Ba7 {[%emt 0:12:26] unterminated} 10. b4 {[%emt 0:12:11] unterminated} O-O {[%emt 0:07:15] unterminated} 11. O-O {[%emt 0:07:36] unterminated} h5 {[%emt 0:08:34] unterminated} 12. a4 exd4 13. exd4 {[%emt 0:00:50] unterminated} Bf5 {[%emt 0:00:42] unterminated} 14. Rb2 {[%emt 0:04:09] unterminated} Qd7 15. Kh2 Rfe8 {[%emt 0:01:09] unterminated} 16. Bf4 {[%emt 0:07:32] unterminated} Ne4 {[%emt 0:04:14] unterminated} 17. c5 {[%emt 0:02:09] unterminated} a5 (17... dxc5 $14 18. dxc5 Rbd8) 18. b5 Nb4 19. Nxe4 Bxe4 20. cxd6 cxd6 21. Nc3 Bxg2 22. Kxg2 Rbc8 {[%emt 0:01:31] unterminated} 23. Rb3 $17 Qf5 24. d5 Nd3 25. Ne2 Rxe2 26. Qxd3 Qxd3 27. Rxd3 Rcc2 28. Bxd6 Rxf2+ 29. Rxf2 Rxf2+ 30. Kh1 Rf1+ 31. Kg2 Rf2+ {[%emt 0:00:57] normal} 1/2-1/2

[Event "DVM U16 2019"]
[Site "Magedburg"]
[Date "2019.12.27"]
[Round "1"]
[White "Pahl, Erik"]
[Black "Köllner, Ruben Gideon"]
[Result "0-1"]
[ECO "D35"]
[WhiteElo "2030"]
[BlackElo "2330"]
[Annotator "NA"]
[PlyCount "105"]
[EventDate "2019.12.27"]
[EventType "team-tourn"]
[EventRounds "7"]
[EventCountry "GER"]
[SourceTitle "playchess.com"]
[Source "ChessBase"]
[SourceQuality "1"]
[WhiteTeam "Delmenhorster SK"]
[BlackTeam "SG Bochum"]
[TimeControl "40/5400+30:1800+30"]

1. c4 e6 2. Nc3 d5 3. d4 Nf6 4. cxd5 exd5 5. Bg5 Be7 6. e3 c6 7. Bd3 {[%emt 0:00:22] unterminated} h6 {[%emt 0:02:28] unterminated} 8. Bh4 {[%emt 0:00:27] unterminated} Ne4 9. Bxe7 Qxe7 {[%emt 0:00:02] unterminated} 10. Qc2 {[%emt 0:00:44] unterminated} Nd6 {[%emt 0:12:01] D36: Queen's Gambit Declined: Exchange Variation: Main line (5 Bg5 c6 6 Qc2)} (10... Nxc3 11. bxc3 O-O 12. Ne2 Re8 13. O-O Nd7 14. c4 dxc4 15. Bxc4 Nb6 16. Bb3 Be6 17. Nf4 Bxb3 18. Qxb3 {1-0 (43) Xiu,D (2566)-Hakiki,K (2301) Kuala Lumpur 2013}) 11. Nge2 $146 ({Predecessor:} 11. Nf3 Be6 12. O-O Nd7 13. b4 O-O 14. b5 cxb5 15. Nxb5 Nxb5 16. Bxb5 Rfc8 17. Qb3 Rc7 18. Rfc1 {1-0 (40) Guillo Longares,C (2030)-Diaz Sanchez,J (1707) Linares 2018}) 11... Be6 12. O-O O-O 13. Rae1 {[%emt 0:01:25] unterminated} Nd7 14. Nc1 {[%emt 0:00:39] unterminated} Qf6 {[%emt 0:04:26] unterminated} 15. Na4 {[%emt 0:05:13] unterminated} Rac8 {[%emt 0:06:23] unterminated} 16. Nc5 {[%emt 0:08:16] unterminated} Rfd8 {[%emt 0:17:07] unterminated} 17. N1b3 {[%emt 0:07:19] unterminated} b6 18. Nxd7 {[%emt 0:00:33] unterminated} Rxd7 19. Rc1 Rdc7 {[%emt 0:01:15] unterminated} 20. Qd2 {[%emt 0:06:07] unterminated} a5 {[%emt 0:05:28] unterminated} 21. a4 Qe7 {[%emt 0:02:29] unterminated} 22. Rfd1 {[%emt 0:05:06] unterminated} Ra8 {[%emt 0:04:36] unterminated} 23. Rc2 {[%emt 0:02:31] unterminated} Nc4 {[%emt 0:03:39] unterminated} 24. Qe2 {[%emt 0:09:08] unterminated} Qb4 25. Nc1 c5 26. Bxc4 dxc4 27. d5 Bc8 28. Qxc4 Bf5 29. e4 Bxe4 30. Qxb4 axb4 31. Re2 Bf5 32. b3 Rd7 33. Re5 g6 34. d6 Be6 35. Re3 Rad8 36. Red3 f6 37. f4 Kf7 38. Kf2 Bf5 39. R3d2 Bg4 40. Ne2 Bxe2 41. Kxe2 Ke6 {[%emt 0:30:04] unterminated} 42. a5 {[%emt 0:02:04] unterminated} bxa5 {[%emt 0:00:00] unterminated} 43. Ra1 $19 Ra8 44. Rc2 Kxd6 45. Rd1+ Ke6 46. Rxd7 Kxd7 47. Rxc5 Kd6 {[%emt 0:00:00] unterminated} 48. Rc4 {[%emt 0:00:00] unterminated} a4 {[%emt 0:00:00] unterminated} 49. bxa4 Rxa4 50. Kd3 {[%emt 0:00:00] unterminated} Kd5 {[%emt 0:00:00] unterminated} 51. Rd4+ {[%emt 0:00:00] unterminated} Kc5 {[%emt 0:00:00] unterminated} 52. Rc4+ {[%emt 0:00:00] unterminated} Kb5 {[%emt 0:00:00] unterminated} 53. Ke4 0-1

[Event "DVM U16 2019"]
[Site "Magedburg"]
[Date "2019.12.27"]
[Round "1"]
[White "Henning, Marvin"]
[Black "Möller, Maurin"]
[Result "1-0"]
[ECO "C20"]
[WhiteElo "1972"]
[BlackElo "1629"]
[Annotator "NA RC"]
[PlyCount "63"]
[EventDate "2019.12.27"]
[EventType "team-tourn"]
[EventRounds "7"]
[EventCountry "GER"]
[SourceTitle "playchess.com"]
[Source "ChessBase"]
[SourceQuality "1"]
[WhiteTeam "Reideburger SV 90 Halle"]
[BlackTeam "SK BS Paderborn"]
[TimeControl "40/5400+30:1800+30"]

1. e4 e5 2. c4 Nc6 3. Nc3 Nf6 4. g3 Bc5 5. Bg2 d6 6. h3 O-O 7. Nge2 a5 8. d3 h6 9. O-O Be6 10. Kh2 Nh7 11. f4 f5 12. Nd5 Qd7 13. b3 Nd4 14. Bb2 Nxe2 15. Qxe2 c6 16. Nc3 Bd4 17. Na4 Bxb2 18. Qxb2 Qc7 19. fxe5 dxe5 20. Nc5 Bc8 21. exf5 Bxf5 22. g4 Bc8 23. Be4 Ng5 24. Rxf8+ Kxf8 25. Rf1+ Kg8 26. Qf2 Ne6 27. Qf5 Nf4 28. Qh7+ Kf7 29. Bg6+ Kf6 30. Ne4+ Ke6 31. Qg8+ Kd7 32. Qe8# {normal} 1-0

[Event "DVM U16 2019"]
[Site "Magedburg"]
[Date "2019.12.27"]
[Round "1"]
[White "Afonso, Nils"]
[Black "Lohvinov, Petro"]
[Result "1-0"]
[ECO "E81"]
[WhiteElo "1955"]
[BlackElo "2032"]
[Annotator "NA"]
[PlyCount "88"]
[EventDate "2019.12.27"]
[EventType "team-tourn"]
[EventRounds "7"]
[EventCountry "GER"]
[SourceTitle "playchess.com"]
[Source "ChessBase"]
[SourceQuality "1"]
[WhiteTeam "SF 59 Kornwestheim"]
[BlackTeam "SK München Südost"]
[WhiteTeamCountry "GER"]
[TimeControl "40/5400+30:1800+30"]

1. d4 Nf6 2. c4 g6 3. Nc3 Bg7 4. e4 d6 5. f3 O-O 6. Bg5 c5 7. d5 a6 {[%emt 0:00:28] unterminated} 8. Qd2 {[%emt 0:02:30] unterminated} Qa5 {[%emt 0:06:14] unterminated} 9. a4 {[%emt 0:06:12] unterminated} Nbd7 {[%emt 0:09:20] unterminated E81: King's Indian: Sämisch: 6th move deviations (including 6 Be3 c6)} 10. Nh3 Ne5 {[%emt 0:02:45] unterminated} 11. Nf2 {[%emt 0:04:11] unterminated} Qb4 {[%emt 0:07:04] unterminated} 12. a5 {[%emt 0:16:30] unterminated} b5 {[%emt 0:13:15] unterminated} 13. cxb5 axb5 {[%emt 0:00:46] unterminated} 14. Nxb5 Qxd2+ 15. Bxd2 {[%emt 0:00:35] unterminated} Ba6 16. Na3 $146 ({Predecessor:} 16. Bc3 Nh5 17. Na3 Bxf1 18. Kxf1 {0-1 (95) Gallego Jimenez,V (2353)-Arencibia Rodriguez,W (2534) Ubeda 2001}) 16... Bxf1 17. Kxf1 Rfb8 18. Bc3 {[%emt 0:00:47] unterminated} Nh5 {[%emt 0:02:36] unterminated} 19. Ra2 {[%emt 0:17:18] unterminated} Nf4 {[%emt 0:02:51] unterminated} 20. Bxe5 Bxe5 21. Nc4 {[%emt 0:00:06] unterminated} Bd4 22. g3 {[%emt 0:01:03] unterminated} Rb4 {[%emt 0:07:34] unterminated} 23. b3 {[%emt 0:04:17] unterminated} Bxf2 24. gxf4 Bd4 {[%emt 0:00:06] unterminated} 25. Ra3 {[%emt 0:00:52] unterminated} Kf8 26. h4 h5 {[%emt 0:00:29] unterminated} 27. Rh2 Ke8 {[%emt 0:01:15] unterminated} 28. Rha2 (28. a6 $16) 28... Ra6 29. Kg2 Rb5 30. e5 Bc3 31. exd6 exd6 32. Rc2 Bd4 33. Kg3 Kd7 34. f5 {[%emt 0:00:27] unterminated} Rb8 {[%emt 0:01:32] unterminated} 35. Kf4 Bf6 36. Re2 Bxh4 37. fxg6 fxg6 38. Re6 {[%emt 0:00:11] unterminated} Rf8+ 39. Ke4 $16 {[%emt 0:00:04] unterminated} Re8 $2 (39... Bf6 $16 {might work better.}) 40. Nb6+ Kd8 41. f4 Be1 42. Nc4 Rxe6+ 43. dxe6 Ke7 44. Kd5 {[%emt 0:00:00] unterminated} h4 {[%emt 0:02:21] unterminated} 1-0

[Event "DVM U16 2019"]
[Site "Magedburg"]
[Date "2019.12.27"]
[Round "1"]
[White "Gluma, Christian"]
[Black "Alhamid, Mohamad"]
[Result "0-1"]
[ECO "C54"]
[WhiteElo "1856"]
[BlackElo "1688"]
[Annotator "NA"]
[PlyCount "98"]
[EventDate "2019.12.27"]
[EventType "team-tourn"]
[EventRounds "7"]
[EventCountry "GER"]
[SourceTitle "playchess.com"]
[Source "ChessBase"]
[SourceQuality "1"]
[WhiteTeam "SG Bochum"]
[BlackTeam "Delmenhorster SK"]
[TimeControl "40/5400+30:1800+30"]

1. e4 e5 2. Nf3 Nc6 3. Bc4 Bc5 4. c3 Nf6 5. d3 a6 6. O-O Ba7 7. Nbd2 O-O 8. h3 d6 9. Bb3 {[%emt 0:01:04] unterminated} Be6 10. Bc2 {[%emt 0:01:41] C54: Giuoco Piano: 4 c3 Nf6, main lines with 5 d4 and 5 d3} h6 {[%emt 0:00:51] unterminated} (10... d5 11. Ng5 Qe8 12. Ndf3 Rd8 13. Nxe6 fxe6 14. Qe2 Nh5 15. Kh2 Nf4 16. Bxf4 Rxf4 17. Rae1 Qf7 {½-½ (42) Aronian,L (2764)-Kramnik,V (2792) Paris 2018}) 11. Re1 Qd7 {[%emt 0:00:59] unterminated} 12. Nf1 {[%emt 0:03:10] unterminated} Ne7 {[%emt 0:01:44] unterminated} 13. Ng3 $146 {[%emt 0:11:47] unterminated} ({Predecessor:} 13. d4 exd4 14. cxd4 c6 15. Ng3 {1-0 (25) Tovio,I (2297)-Kostov,A (2100) Cartagena 2011}) 13... Ng6 {[%emt 0:05:25] unterminated} 14. d4 {[%emt 0:12:55] unterminated} c6 {[%emt 0:14:13] unterminated} 15. Be3 {[%emt 0:08:28] unterminated} exd4 {[%emt 0:03:37] unterminated} 16. cxd4 {[%emt 0:02:13] unterminated} Rad8 {[%emt 0:19:29] unterminated} (16... Qc7 $16 {was called for.}) 17. Qd3 {[%emt 0:08:05] unterminated} (17. d5 $18 {has better winning chances.} Bxe3 18. dxe6 (18. Rxe3 cxd5 19. exd5 Bxd5 $15) 18... Bxf2+ 19. Kxf2 fxe6 20. Kg1) 17... b5 {[%emt 0:18:40] unterminated} 18. Nd2 ({White should try} 18. a4 $16) 18... Rfe8 19. f4 Bc4 20. Qc3 c5 21. d5 Bxd5 22. Kh2 Ba8 23. Rad1 Qc7 24. Nf5 b4 25. Qd3 Nxe4 26. Qxa6 Nxd2 27. Bxd2 Rxe1 28. Rxe1 d5 {[%emt 0:00:51] unterminated} 29. Kh1 $2 {[%emt 0:05:11] unterminated} (29. Nxh6+ $11 gxh6 30. Bxg6) 29... d4 {[%emt 0:00:30] unterminated} 30. Qf1 {[%emt 0:03:15] unterminated} c4 31. Ba4 {[%emt 0:00:56] unterminated} c3 {[%emt 0:00:30] unterminated} 32. bxc3 bxc3 33. Bc1 {[%emt 0:00:13] unterminated} Bc6 $2 (33... d3 34. Rd1 d2) 34. Bxc6 Qxc6 35. Qd3 Re8 36. Rd1 Qe4 37. Qb5 c2 38. Rf1 Qe2 39. Qxe2 Rxe2 40. Ng3 Re8 {[%emt 0:00:46] unterminated} 41. Bd2 {[%emt 0:30:26] unterminated} d3 42. Rc1 {[%emt 0:00:46] [#] unterminated} Be3 $19 43. Re1 Bxd2 44. Rxe8+ Kh7 45. Rc8 c1=Q+ 46. Rxc1 Bxc1 47. Ne4 Nxf4 48. Kg1 f5 49. Ng3 d2 {[%emt 0:00:00] normal} 0-1

[Event "DVM U16 2019"]
[Site "Magedburg"]
[Date "2019.12.27"]
[Round "1"]
[White "Wagner, Victoria"]
[Black "Grabbel, Lennart Christian"]
[Result "1-0"]
[ECO "C50"]
[WhiteElo "1797"]
[BlackElo "1849"]
[Annotator "NA"]
[PlyCount "89"]
[EventDate "2019.12.27"]
[EventType "team-tourn"]
[EventRounds "7"]
[EventCountry "GER"]
[SourceTitle "playchess.com"]
[Source "ChessBase"]
[SourceQuality "1"]
[WhiteTeam "Erfurter SK"]
[BlackTeam "Hamburger SK"]
[TimeControl "40/5400+30:1800+30"]

1. e4 e5 2. Nf3 Nc6 3. Bc4 Bc5 4. O-O Nf6 5. d3 O-O 6. c3 d5 7. exd5 Nxd5 8. Re1 Bg4 {unterminated} 9. Nbd2 {C54: Giuoco Piano: 4 c3 Nf6, main lines with 5 d4 and 5 d3} Nb6 {unterminated} 10. Ne4 {unterminated} (10. h3 Bh5 11. Bb3 Qxd3 12. Nxe5 Bxd1 13. Nxd3 Bxb3 14. axb3 Be7 15. b4 a6 16. Ne4 Nd7 {1-0 (40) Giri,A (2797)-Harikrishna,P (2723) Shenzhen 2019}) 10... Nxc4 11. Nxc5 Nd6 {unterminated} 12. Ne4 {unterminated} Kh8 $146 {unterminated} ({Predecessor:} 12... Nxe4 13. Rxe4 f5 14. Re1 Kh8 15. Qe2 Qd7 16. Qe3 Rae8 17. d4 f4 18. Qe4 exd4 19. cxd4 Bxf3 20. Qxf3 Nxd4 21. Qd3 f3 {0-1 (21) Celmer,O (1852)-Arnaudov,P (2471) Norderstedt 2013}) 13. Ng3 {unterminated} f6 14. h3 Bc8 15. d4 exd4 16. Nxd4 Nxd4 {unterminated} 17. Qxd4 b6 {unterminated} 18. Bf4 Bb7 19. Rad1 Rf7 20. Nf5 Rd7 21. Bxd6 cxd6 22. Re6 Qg8 23. Rde1 d5 24. Nd6 Rad8 25. Nf5 Bc8 26. Ne7 Qf7 27. Qe3 Rc7 28. Nxc8 Rcxc8 29. Re7 d4 30. Rxf7 dxe3 31. Rxe3 Rd1+ 32. Kh2 Rd2 33. Ree7 Rg8 34. Rxa7 Rxf2 35. b4 Rc2 36. Rfb7 Rxc3 37. Rxb6 Rc2 38. Rbb7 Rb2 39. b5 Re8 40. a4 h6 {unterminated} 41. Rxg7 Ree2 {unterminated} 42. Rg6 f5 {unterminated} 43. Rf7 Rf2 {unterminated} 44. Rfg7 h5 45. b6 $18 {normal} (45. Rg8+ $142 Kh7 46. R6g7+ Kh6 47. Rg3 Kh7 48. R8g7+ Kh8 49. R7g5 Rxg2+ 50. Rxg2) 1-0

[Event "DVM U16 2019"]
[Site "Magedburg"]
[Date "2019.12.27"]
[Round "1"]
[White "Klaas, Heiko"]
[Black "Seinsoth, Paul"]
[Result "*"]
[ECO "B23"]
[WhiteElo "1759"]
[BlackElo "1629"]
[Annotator "NA RC"]
[PlyCount "64"]
[EventDate "2019.12.27"]
[EventType "team-tourn"]
[EventRounds "7"]
[EventCountry "GER"]
[SourceTitle "playchess.com"]
[Source "ChessBase"]
[SourceQuality "1"]
[WhiteTeam "Hamburger SK"]
[BlackTeam "Erfurter SK"]
[TimeControl "40/5400+30:1800+30"]

1. e4 c5 2. Nc3 a6 3. Nf3 b5 4. d4 cxd4 5. Nxd4 Bb7 6. Be3 d6 7. Qd2 Nc6 8. f3 Qc7 9. Nd5 Qd8 10. Nxc6 Bxc6 11. Bb6 Qb8 12. Nc7+ Kd7 13. Nxa8 Bxa8 14. Be3 e6 15. O-O-O Be7 16. Qa5 Qc8 17. Bf4 d5 18. Bd3 Nf6 19. Rhe1 Rd8 20. g4 h6 21. e5 Ne8 22. Be3 Nc7 23. f4 Ke8 24. f5 d4 25. f6 gxf6 26. exf6 Bf8 27. Bf2 Bf3 28. Be2 Bxe2 29. Rxe2 Nd5 30. Rxd4 Bc5 {unterminated} 31. Rde4 {unterminated} Nxf6 {unterminated} 32. Bxc5 Qxc5 {unterminated} *

[Event "DVM U16 2019"]
[Site "Magedburg"]
[Date "2019.12.27"]
[Round "1"]
[White "Janke, Julian"]
[Black "Seidel, Arne Christian"]
[Result "1/2-1/2"]
[ECO "A45"]
[WhiteElo "1659"]
[BlackElo "1636"]
[Annotator "NA RC"]
[PlyCount "102"]
[EventDate "2019.12.27"]
[EventType "team-tourn"]
[EventRounds "7"]
[EventCountry "GER"]
[SourceTitle "playchess.com"]
[Source "ChessBase"]
[SourceQuality "1"]
[WhiteTeam "SK BS Paderborn"]
[BlackTeam "Reideburger SV 90 Halle"]
[TimeControl "40/5400+30:1800+30"]

1. d4 Nf6 2. Bf4 e6 3. e3 c5 4. c3 Qb6 5. Qb3 cxd4 6. Qxb6 axb6 7. exd4 Nc6 8. Nf3 d5 9. Bc7 Nd7 10. Bb5 Be7 11. Nbd2 Bd8 12. Bxd8 Kxd8 13. O-O Na7 14. Bd3 h6 15. Ne5 Nxe5 16. dxe5 b5 17. f4 g6 18. a4 bxa4 19. Rxa4 Bd7 20. Rb4 Kc7 21. c4 Nc6 22. Rb3 Nd4 23. Rc3 Bc6 24. cxd5 exd5 25. Nb3 Nxb3 26. Rxb3 Ra4 27. f5 g5 28. Rc3 Rb4 29. b3 Re8 30. Re1 d4 31. Rc4 Rxb3 32. Rxd4 Rb2 33. Bf1 Rd8 34. Rxd8 Kxd8 35. e6 f6 36. g4 Ke7 37. Re3 Rb4 38. Be2 Re4 39. Rxe4 Bxe4 40. Kf2 Bc6 41. Bf3 Ba4 42. Bxb7 Bc2 43. Ke3 Bd1 44. Bf3 Ba4 45. Be2 Bc6 46. Bd3 Bg2 47. Kf2 Bc6 48. Kg3 Ba4 49. Be2 Bc2 50. h4 Be4 51. hxg5 hxg5 {[%emt 0:00:09] normal} 1/2-1/2

[Event "DVM U16 2019"]
[Site "Magedburg"]
[Date "2019.12.27"]
[Round "1"]
[White "Afonso, Phil"]
[Black "Ponomarev, Maximilian"]
[Result "0-1"]
[ECO "B43"]
[WhiteElo "1650"]
[BlackElo "2046"]
[Annotator "NA RC"]
[PlyCount "66"]
[EventDate "2019.12.27"]
[EventType "team-tourn"]
[EventRounds "7"]
[EventCountry "GER"]
[SourceTitle "playchess.com"]
[Source "ChessBase"]
[SourceQuality "1"]
[WhiteTeam "SF 59 Kornwestheim"]
[BlackTeam "SK München Südost"]
[WhiteTeamCountry "GER"]
[TimeControl "40/5400+30:1800+30"]

1. e4 c5 2. Nf3 e6 3. d4 cxd4 4. Nxd4 a6 5. Nc3 Qc7 6. Bd3 Nf6 7. O-O Bc5 8. Nb3 Be7 9. Be3 {[%emt 0:00:47] B43: Sicilian: Kan Variation: 5 Nc3} (9. f4 d6 10. e5 dxe5 11. fxe5 Nfd7 12. Qg4 g6 13. Bf4 Nc6 14. Rae1 Ndxe5 15. Qg3 f6 16. Be4 O-O 17. Kh1 Bd7 18. Bxg6 hxg6 19. Rxe5 Nxe5 20. Bxe5 fxe5 21. Qxg6+ Kh8 22. Qh6+ Kg8 23. Qg6+ {½-½ (23) Kadric,D (2537)-Akopian,V (2655) Abu Dhabi 2018}) 9... O-O {[%emt 0:00:10] unterminated} 10. f4 {[%emt 0:01:00] unterminated} d6 {[%emt 0:17:31] unterminated} 11. Rf3 $146 {[%emt 0:04:12] unterminated} ({Predecessor:} 11. a4 b6 12. g4 Nc6 13. g5 Nd7 14. Rf3 g6 15. h4 Nc5 16. h5 Re8 17. Rh3 Nxd3 18. cxd3 {1-0 (25) Ahmadzada,A (2337)-Simantsev,M (2401) Baku 2019}) 11... Nbd7 {[%emt 0:04:57] unterminated} 12. Rg3 {[%emt 0:05:25] unterminated} Kh8 13. Qe2 {[%emt 0:04:12] unterminated} b5 {[%emt 0:05:14] unterminated} 14. a3 Bb7 {[%emt 0:00:12] unterminated} 15. Rh3 {[%emt 0:06:40] unterminated} Rfe8 16. Nd2 {[%emt 0:03:32] unterminated} Nc5 {[%emt 0:04:35] unterminated} (16... e5 $11) 17. Bxc5 ({White should play} 17. Rf1) 17... Qxc5+ 18. Kf1 {[%emt 0:00:28] unterminated} e5 19. f5 {[%emt 0:02:07] unterminated} Rad8 $15 20. Nf3 Kg8 21. Rd1 Bf8 22. Qf2 Qxf2+ 23. Kxf2 d5 24. exd5 e4 25. Nxe4 Nxe4+ 26. Bxe4 Rxe4 27. Ng5 Rf4+ 28. Kg3 Bd6 29. Rd3 Rxf5+ 30. Kg4 Rf4+ 31. Kg3 Bc8 32. Rh4 Rg4+ 33. Kh3 Rg3# {normal} 0-1